 Dungeon Crawl Stone Soup version 0.29.0-4-gdea44cf6ec (webtiles) character file.

Game seed: 13682769847285707000

66 qw the Chopper (level 4, -9/26 HPs)
             Began as a Tengu Warper on Aug 28, 2022.
             Killed by an exploding quokka (26 damage)
             ... ignited by their inner flame
             ... on level 2 of the Dungeon.
             The game lasted 00:00:12 (1857 turns).

qw the Chopper (Tengu Warper)                       Turns: 1857, Time: 00:00:13

Health: -9/26      AC:  3    Str: 13    XL:     4   Next: 15%
Magic:  8/8        EV: 12    Int: 13    God:
Gold:   91         SH:  0    Dex: 14    Spells: 7/7 levels left

rFire   . . .      SeeInvis .   Y - +0 hand axe
rCold   . . .      Faith    .   (no shield)
rNeg    . . .      Spirit   .   b - +0 leather armour
rPois   .          Reflect  .   (helmet restricted)
rElec   .          Harm     .   (no cloak)
rCorr   .          Rampage  .   (no gloves)
Will    .....                   (boots unavailable)
Stlth   +.........              (no amulet)
HPRegen 0.08/turn               (no ring)
MPRegen 0.11/turn               (no ring)

@: lethally poisoned (-9 -> -16)
A: beak, talons 3
a: no special abilities


You were on level 2 of the Dungeon.
You visited 1 branch of the dungeon, and saw 2 of its levels.

You collected 135 gold pieces.
You spent 44 gold pieces at shops.


Innate Abilities, Weirdness & Mutations

You have a beak for a mouth.
You have claws for feet.


   Skills:
 - Level 2.0 Fighting
 + Level 4.7 Axes
 - Level 1.0 Throwing
 - Level 1.1 Armour
 - Level 2.1 Dodging
 - Level 2.0 Spellcasting
 - Level 2.4 Translocations


You had 7 spell levels left.
You didn't know any spells.
Your spell library contained the following spells:

 Spells                   Type           Power      Damage    Failure   Level
 Blink                    Tloc           14%        N/A       19%         2
 Gell's Gravitas          Tloc           7%         N/A       36%         3
 Lesser Beckoning         Tloc           7%         N/A       36%         3
 Teleport Other           Tloc           7%         N/A       36%         3
 Manifold Assault         Tloc           7%         N/A       98%         5

Inventory:

Hand Weapons
 a - a +0 club
 Y - a +0 hand axe (weapon)
Armour
 b - a +0 leather armour (worn)
Jewellery
 h - a ring of ice
Scrolls
 e - a scroll of identify
Potions
 c - a potion of heal wounds
 i - a potion of curing

Dungeon Overview and Level Annotations

Branches:
Dungeon (2/15)

Altars:

Shops:
D:1 ?


Message History

Wisps of shadow whirl around you...
It was a scroll of summoning.
Done exploring.
1852 ||| READING scroll labelled OZXA FURUUSM.
The air fills with toxic fumes!
As you read the scroll labelled OZXA FURUUSM, it crumbles to dust.
It was a scroll of poison.
Done exploring.
1853 ||| READING scroll labelled POMATA HAYK.
As you read the scroll labelled POMATA HAYK, it crumbles to dust.
The creatures around you are filled with an inner flame!
It was a scroll of immolation.
Done exploring.
1854 ||| READING 3 scrolls of identify.
As you read the scroll of identify, it crumbles to dust.
c - a potion of heal wounds;
1854 ||| IDENTIFYING brown potion Done exploring.
1855 ||| READING 2 scrolls of identify.
As you read the scroll of identify, it crumbles to dust.
i - a potion of curing
1855 ||| IDENTIFYING smoky amethyst potion Done exploring.
(D) Dungeon
Where to? (* - list waypoints, Enter - D:2, ? - help)
What level of the Dungeon? (default 1, ? - help) Sorry, I don't know how to get there.
Done exploring.
1856 ||| Stepping randomly (stuck).
Really walk into that cloud of poison gas?
You are engulfed in poison gas.
You are poisoned.
You feel very sick.
1857 ||| Stepping ~*~*~tactically~*~*~ (cloud).
You swap places.
You feel very sick.
Your quokka is engulfed in poison gas.
Your quokka is poisoned.
Your quokka's corpse dissolves into shadows!
Your quokka explodes!
The fiery explosion engulfs you!!
Ouch! That really hurt!
You die...

#..........# #.##........#.#
#.########.###.##...####.#.#
######.#
#.¤¤##.##...####....
#......#
#.#¤¤.........####.#
#.######
#)¤¤¤........#.###.# #.#
###¤#.......###.##.#
#.########
#.###......#.....#
#.)..).).# #r#
##......###### ########)#
#@# ##...#)# # #.# #¤#
#####.###### #.#######¤#
#....... #.......#¤#
#.###### #######.#¤# #.# #
#.#¤# ##.######
#.#¤########.#.##...
#.#¤¤.......###.....
#.#########..#......


You could see a friendly rat (summoned, inner flame).

Vanquished Creatures
  Robin (D:2)
  2 dart slugs
  4 bats (D:1)
  4 endoplasms (D:1)
  5 giant cockroaches
  11 goblins (D:2)
  7 hobgoblins
  A quokka (D:2)
  2 ball pythons (D:2)
  3 frilled lizards
  3 kobolds (D:1)
  4 rats
47 creatures vanquished.

Notes
Turn   | Place    | Note
-------+----------+-------------------------------------------
     0 | D:1      | qw the Tengu Warper began the quest for the Orb.
     0 | D:1      | Reached XP level 1. HP: 12/12 MP: 4/4
     0 | D:1      | 0 ||| qw: Version: 0.1-a-89-g26bdef1
     0 | D:1      | 0 ||| qw: Game counter: 928
     0 | D:1      | 0 ||| qw: Always use a shield: true
     0 | D:1      | 0 ||| qw: God list: Okawaru
     0 | D:1      | 0 ||| qw: Allow faded altars: false
     0 | D:1      | 0 ||| qw: Do Orc after D:15 true
     0 | D:1      | 0 ||| qw: Do second Lair branch before Depths: true
     0 | D:1      | 0 ||| qw: Lair rune preference: random
     0 | D:1      | 0 ||| qw: Plans: Normal
     0 | D:1      | 0 ||| PLANNING D:1-11
   219 | D:1      | Reached XP level 2. HP: 15/17 MP: 6/6
   262 | D:1      | Found a faded altar of an unknown god.
   272 | D:1      | Reached skill level 3 in Axes
   328 | D:1      | 328 ||| Stepping ~*~*~tactically~*~*~ (stealth).
   340 | D:1      | 340 ||| Stepping ~*~*~tactically~*~*~ (stealth).
   425 | D:1      | Found Qadi's Magic Scroll Emporium.
   429 | D:1      | 429 ||| Stepping ~*~*~tactically~*~*~ (stealth).
   450 | D:1      | 450 ||| Stepping ~*~*~tactically~*~*~ (hiding).
   510 | D:1      | 510 ||| SHOPLISTING scroll of enchant armour (82 gold, have
                  | 44).
   510 | D:1      | 510 ||| SHOPLISTING scroll of enchant weapon (82 gold, have
                  | 44).
   510 | D:1      | 510 ||| BUYING scroll of identify (22 gold).
   510 | D:1      | Bought a scroll of identify for 22 gold pieces
   510 | D:1      | 510 ||| BUYING scroll of identify (22 gold).
   510 | D:1      | Bought a scroll of identify for 22 gold pieces
   510 | D:1      | 510 ||| SHOPLISTING scroll of identify (22 gold, have 0).
   593 | D:1      | Reached XP level 3. HP: 21/21 MP: 7/7
   764 | D:1      | 764 ||| READING scroll labelled TACUEXZIWN.
   886 | D:1      | 886 ||| READING scroll labelled WOX UPACOMN.
   891 | D:1      | 891 ||| READING 3 scrolls of identify.
   891 | D:1      | 891 ||| IDENTIFYING fizzy pink potion
   892 | D:1      | 892 ||| READING 2 scrolls of identify.
   892 | D:1      | 892 ||| IDENTIFYING bubbling brown potion
   893 | D:1      | 893 ||| DROPPING scroll of blinking.
   894 | D:1      | 894 ||| DROPPING potion of lignification.
   895 | D:1      | 895 ||| DROPPING potion of degeneration.
   937 | D:2      | 937 ||| Stepping ~*~*~tactically~*~*~ (hiding).
   996 | D:2      | 996 ||| Stepping ~*~*~tactically~*~*~ (stealth).
   997 | D:2      | 997 ||| Stepping ~*~*~tactically~*~*~ (stealth).
  1049 | D:2      | Noticed Robin
  1050 | D:2      | 1050 ||| Stepping ~*~*~tactically~*~*~ (hiding).
  1055 | D:2      | Reached skill level 4 in Axes
  1061 | D:2      | Killed Robin
  1080 | D:2      | 1080 ||| Stepping ~*~*~tactically~*~*~ (stealth).
  1104 | D:2      | 1104 ||| Stepping ~*~*~tactically~*~*~ (hiding).
  1133 | D:2      | 1133 ||| Stepping ~*~*~tactically~*~*~ (stealth).
  1395 | D:2      | 1395 ||| Stepping ~*~*~tactically~*~*~ (stealth).
  1396 | D:2      | 1396 ||| Stepping ~*~*~tactically~*~*~ (stealth).
  1397 | D:2      | 1397 ||| Stepping ~*~*~tactically~*~*~ (stealth).
  1398 | D:2      | 1398 ||| Stepping ~*~*~tactically~*~*~ (stealth).
  1402 | D:2      | 1402 ||| FLEEEEING.
  1403 | D:2      | 1403 ||| FLEEEEING.
  1406 | D:2      | 1406 ||| FLEEEEING.
  1407 | D:2      | 1407 ||| FLEEEEING.
  1408 | D:2      | 1408 ||| FLEEEEING.
  1409 | D:2      | 1409 ||| FLEEEEING.
  1410 | D:2      | 1410 ||| FLEEEEING.
  1411 | D:2      | 1411 ||| FLEEEEING.
  1420 | D:2      | Reached XP level 4. HP: 19/26 MP: 8/8
  1590 | D:2      | 1590 ||| Stepping ~*~*~tactically~*~*~ (stealth).
  1851 | D:2      | 1851 ||| READING scroll labelled XENEODIUZO.
  1852 | D:2      | 1852 ||| READING scroll labelled OZXA FURUUSM.
  1853 | D:2      | 1853 ||| READING scroll labelled POMATA HAYK.
  1854 | D:2      | 1854 ||| READING 3 scrolls of identify.
  1854 | D:2      | 1854 ||| IDENTIFYING brown potion
  1855 | D:2      | 1855 ||| READING 2 scrolls of identify.
  1855 | D:2      | 1855 ||| IDENTIFYING smoky amethyst potion
  1856 | D:2      | 1856 ||| Stepping randomly (stuck).
  1857 | D:2      | 1857 ||| Stepping ~*~*~tactically~*~*~ (cloud).
  1857 | D:2      | Killed by an exploding quokka... ignited by their inner
                  | flame

Levels and vault maps discovered:
D:1:      dpeg_arrival_simpleton_c, layout_basic, serial_shops,
          nicolae_shop_stone, chequers_ecumenical_altar_simple_redux,
          patterned_corridor
D:2:      layout_loops_ring, uniq_robin

Skill      XL: |  1  2  3 |
---------------+----------+-----
Axes           | 3 4 |  4.7
Fighting       | |  2.0
Throwing       | |  1.0
Armour         | |  1.1
Dodging        | |  2.1
Spellcasting   | |  2.0
Translocations | |  2.4

Action                   |  1- 3 |  4- 6 || total
-------------------------+-------+-------++-------
Melee: Hand axe          |    95 |     9 ||   104
       Kick              |    22 |     3 ||    25
       Peck              |     7 |     1 ||     8
Throw: Boomerang         |     7 |       ||     7
  Use: Scroll            |     4 |     5 ||     9
Armor: Leather armour    |    35 |       ||    35
Dodge: Dodged            |    44 |     3 ||    47

Table legend:
 A = Non-vault XP
 B = Vault XP
 C = Vault XP percentage of total XP
 D = Non-vault monster count
 E = Vault monster count
 F = Vault count percentage of total count
                 A         B        C        D         E       F
            +---------+---------+-------+---------+---------+-------
      Total |      72 |      23 |  24.2 |      40 |       7 |  14.9
            +---------+---------+-------+---------+---------+-------
        D:1 |      35 |       0 |   0.0 |      19 |       0 |   0.0
        D:2 |      37 |      23 |  38.3 |      21 |       7 |  25.0
            +---------+---------+-------+---------+---------+-------
